cohdb
Replays
Latest Replays
All Replays
Popular Replays
Top Player Replays
Match Explorer
How It Works
Community
CoH3 Stats
Reddit
Sign in to upload your games and track your stats! →
Sign in with Steam
Match 43990133
Unlisted
Match 43990133
Overview
Messages
Build Orders
End
Panzergrenadier Squad
Selects Armored Support Battlegroup
250 Light Carrier
Panzergrenadier Squad
Construct Light Support Kompanie
Construct Light Support Kompanie
Selects Superior Fire Drills
Panzerjäger Squad
2.5-tonne Medical Truck
Panzergrenadier Squad
Fire Support Elements
Selects Salvage Kits
Veteran Squad Leaders
Pak 38 Mechanized Group
Construct Panzerarmee Kommand
Selects Vehicle Awareness
Vehicle Awareness
Walking Stuka Rocket Launcher
Panzergrenadier Squad
Advanced Field Repairs
Selects Panzer Storm
MG34 Team
Pak 38 Mechanized Group
Vehicle Awareness
Armored Reserves
Selects Stuka Anti-tank Loiter
Stuka Anti-tank Loiter
Tiger Heavy Tank
mstephen1231
Altair
HiddenJoker
This game made me racer. F CH*NA
TidaL
serap
Nightingale
thdgnstjr23
0
0
Comments
sign in to comment!
No comments posted yet!